 Dungeon Crawl Stone Soup version 0.26-a0-346-g33516b1736 (webtiles) character file.

Game seed: 7842915254141498778

25903 KristoblXynda the Grappler (level 12, -6/111 HPs)
             Began as a Troll Monk on July 17, 2020.
             Was the Champion of Cheibriados.
             Mangled by a red ugly thing (20 damage)
             ... on level 15 of the Dungeon.
             The game lasted 00:30:22 (11144 turns).

KristoblXynda the Grappler (Troll Monk)            Turns: 11144, Time: 00:30:22

Health: -6/111     AC:  7    Str: 37    XL:     12   Next: 93%
Magic:  14/14      EV: 27    Int: 25    God:    Cheibriados [******]
Gold:   800        SH:  0    Dex: 37    Spells: 8/15 levels left

rFire    . . .     SeeInvis .     - Unarmed
rCold    . . .     Faith    .   (no shield)
rNeg     . . .     Spirit   .   i - +0 robe of Honesty {Regen+ Dex+4}
rPois    .         Reflect  .   D - +1 hat
rElec    .         Harm     .   r - scarf {repulsion}
rCorr    .                      (gloves unavailable)
MR       .....                  (boots unavailable)
Stlth    +++.......             (no amulet)
HPRegen  1.08/turn              d - +4 ring of evasion
MPRegen  0.14/turn              p - +6 ring of dexterity

@: lethally poisoned (-6 -> -6), repel missiles, very slow
A: large, unfitting armour, claws 3, regeneration 1, shaggy fur 1, tough skin 3,
subdued magic 1
a: Bend Time, Temporal Distortion, Slouch, Step From Time, Renounce Religion


You were on level 15 of the Dungeon.
You worshipped Cheibriados.
Cheibriados was exalted by your worship.
You visited 4 branches of the dungeon, and saw 17 of its levels.

You collected 800 gold pieces.

Inventory:

Hand Weapons
 j - a +1 morningstar
Missiles
 e - 4 javelins (quivered)
 y - a throwing net
Armour
 i - the +0 robe of Honesty (worn) {Regen+ Dex+4}
   (You found it on level 9 of the Dungeon)

   It affects your dexterity (+4).
   It increases your rate of regeneration.
 r - a scarf of repulsion (worn)
 D - a +1 hat (worn)
Jewellery
 d - a +4 ring of evasion (left claw)
 o - an uncursed amulet of guardian spirit
 p - a +6 ring of dexterity (right claw)
 w - a cursed ring of teleportation {unknown}
 E - an uncursed ring of resist corrosion
Wands
 b - a wand of clouds (6)
 v - a wand of paralysis (9)
 x - a wand of disintegration (23)
 C - a wand of iceblast (1)
Scrolls
 a - a scroll of torment
 c - 8 scrolls of remove curse
 f - 6 scrolls of identify
 g - 6 scrolls of teleportation
 m - 5 scrolls of enchant armour
 n - 2 scrolls of amnesia
 u - a scroll of enchant weapon
Potions
 h - 3 potions of resistance
 k - a potion of berserk rage
 l - 2 potions of heal wounds
 q - a potion of stabbing
 s - 5 potions of curing
 t - 2 potions of ambrosia
 z - 3 potions of lignification
 A - 4 potions of haste
 B - a potion of brilliance


   Skills:
 - Level 5.2 Fighting
 - Level 3.1 Throwing
 + Level 10.4 Dodging
 - Level 1.0 Stealth
 + Level 12.1 Unarmed Combat
 + Level 2.2 Spellcasting
 - Level 9.5 Hexes
 + Level 5.5 Earth Magic


You had 8 spell levels left.
You knew the following spells:

 Your Spells              Type           Power        Failure   Level
a - Tukima's Dance        Hex            #####...     1%          3
b - Petrify               Tmut/Erth      ##......     30%         4

Your spell library contained the following spells:

 Spells                   Type           Power        Failure   Level
 Corona                   Hex            #####..      1%          1
 Sandblast                Erth           ###...       1%          1
 Ensorcelled Hibernation  Hex/Ice        ###...       1%          2
 Slow                     Hex            #####...     1%          2
 Confusing Touch          Hex            #####...     1%          3
 Dazzling Flash           Conj/Hex       ###...       3%          3
 Passwall                 Tmut/Erth      ##......     4%          2
 Beastly Appendage        Tmut           #.....       9%          1
 Magic Dart               Conj           #...         9%          1
 Stone Arrow              Conj/Erth      ##....       9%          3
 Blink                    Tloc           N/A          14%         2
 Call Imp                 Summ           #.......     14%         2
 Wereblood                Tmut           #.......     14%         2
 Lee's Rapid Deconstruct  Erth           ###.......   26%         5
 Conjure Flame            Conj/Fire      #.......     28%         3
 Mephitic Cloud           Conj/Pois/Air  #.......     28%         3
 Spider Form              Tmut/Pois      #.........   28%         3
 Ice Form                 Ice/Tmut       #.......     69%         4
 Blade Hands              Tmut           #.........   96%         5


Dungeon Overview and Level Annotations

Branches:
Dungeon (14/15)            Temple (1/1) D:5            Lair (1/6) D:9
    Orc (1/2) D:10
 Vaults: D:13-14

Altars:
Ashenzari
Cheibriados
Dithmenos
Elyvilon
Fedhas
Gozag
Hepliaklqana
Kikubaaqudgha
Makhleb
Nemelex Xobeh
Okawaru
Qazlal
Ru
Sif Muna
Trog
Uskayaw
Vehumet
Wu Jian
Xom
Yredelemnul
Zin
The Shining One
Beogh

Shops:
D:7 ??*[   D:8 =


Innate Abilities, Weirdness & Mutations

You are too large for most types of armour.
You have claws for hands.
Your natural rate of healing is unusually fast.
You are covered in fur. (AC +1)
You have extremely tough skin. (AC +3)
Your spells are a little easier to cast, but a little less powerful.


Message History

You feel sick. The red ugly thing claws you.
You are engulfed in flames!
You closely miss the red ugly thing.
You claw the red ugly thing, but do no damage.
The red ugly thing is heavily wounded.
You feel sick.
The green ugly thing basks in the mutagenic energy from its kin and changes!
The red ugly thing claws you.
You are engulfed in flames!!
You closely miss the red ugly thing.
The red ugly thing is heavily wounded.
You feel sick.
You mangle the red ugly thing!!
The red ugly thing is almost dead.
You feel sick. The red ugly thing claws you!
You are engulfed in flames!!
* * * LOW HITPOINT WARNING * * *
You feel very sick.
The green ugly thing basks in the mutagenic energy from its kin and changes!
The red ugly thing claws you.
* * * LOW HITPOINT WARNING * * *
You are engulfed in flames!!
You die...

###
..#
#u#
#.#
#u#
#u#
#u#
##@#
#..#
#)##
#.#
#.#
#.#
#.#
#.#
#.#


You could see 4 ugly things.

Vanquished Creatures
  A catoblepas (D:13)
  2 two-headed ogres
  The ghost of Megalobster the Severer, a novice MiBe of Trog (D:10)
  2 tengu warriors (D:14)
  The ghost of kuniqs the Slinger, a novice HaHu of Okawaru (D:8)
  A skeletal warrior (D:14)
  2 unseen horrors
  The ghost of Niddhogr the Tainter, a novice FoVM (D:7)
  An orc knight (D:14)
  4 ugly things
  A wolf spider (D:14)
  2 deep elf magi
  A cyclops (D:11)
  A manticore (D:11)
  3 kobold demonologists
  A freezing wraith (D:14)
  4 trolls
  Prince Ribbit (D:8)
  3 slime creatures (D:14)
  4 hippogriffs
  A wraith (D:14)
  A shadow (D:15)
  4 wyverns
  10 yaks
  A steam dragon (D:11)
  3 wargs (D:9)
  An acid dragon (D:13)
  Duvessa (D:6)
  A water moccasin (D:9)
  2 black bears
  6 orc warriors
  4 ice beasts
  3 sky beasts
  A phantom (D:4)
  2 necrophages
  3 ogres
  17 centaurs
  3 crocodiles
  6 big kobolds
  9 bullfrogs
  A gnoll sergeant (D:6)
  Dowan (D:6)
  A water moccasin zombie (D:5)
  6 scorpions
  A wyvern skeleton (D:14)
  6 killer bees
  12 wights
  5 howler monkeys
  3 electric eels
  2 jellies
  4 quasits (D:7)
  2 centaur zombies
  12 orc priests
  7 hounds
  2 bullfrog skeletons
  3 centaur skeletons
  6 iguanas
  An iron imp (D:5)
  19 orc wizards
  11 worker ants
  2 hound skeletons
  A worker ant zombie (D:8)
  Robin (D:3)
  11 gnolls
  7 adders
  2 shadow imps
  13 white imps
  2 ufetubi
  2 oozes
  An adder zombie (D:7)
  An adder skeleton (D:8)
  4 worms
  A dart slug (D:2)
  7 leopard geckos
  62 orcs
  4 bats
  6 giant cockroaches
  14 goblins
  8 hobgoblins
  12 jackals
  4 quokkas
  A ball python (D:2)
  5 frilled lizards
  24 kobolds
  10 rats
  A bush (D:9)
427 creatures vanquished.

Vanquished Creatures (others)
  3 dancing weapons
  An orc (D:11)
  2 plants (D:11)
6 creatures vanquished.

Grand Total: 433 creatures vanquished

Notes
Turn   | Place    | Note
-------+----------+-------------------------------------------
     0 | D:1      | KristoblXynda the Troll Monk began the quest for the Orb.
     0 | D:1      | Reached XP level 1. HP: 22/22 MP: 0/0
   196 | D:1      | Reached XP level 2. HP: 29/29 MP: 1/1
   625 | D:2      | Reached XP level 3. HP: 36/36 MP: 2/2
   702 | D:2      | Found an iron altar of Okawaru.
   989 | D:2      | Found a burning altar of Makhleb.
  1134 | D:3      | Reached XP level 4. HP: 45/45 MP: 3/3
  1134 | D:3      | Noticed Robin
  1157 | D:3      | Killed Robin
  1470 | D:3      | Reached skill level 4 in Unarmed Combat
  1623 | D:3      | Reached XP level 5. HP: 43/53 MP: 4/4
  2066 | D:4      | Reached skill level 1 in Throwing
  2068 | D:4      | Noticed a phantom
  2092 | D:4      | Killed a phantom
  2092 | D:4      | Reached XP level 6. HP: 50/61 MP: 5/5
  2144 | D:4      | You fall into a shaft and drop 3 floors!
  2150 | D:7      | Found Vaixteot's General Store.
  2151 | D:7      | Found Munurunk's Magic Scroll Boutique.
  2154 | D:7      | Found Gimonit's Armour Boutique.
  2155 | D:7      | Found Nizis's Magic Scroll Boutique.
  2218 | D:7      | Noticed an ice beast
  2228 | D:7      | Killed an ice beast
  2268 | D:7      | Found a white marble altar of Elyvilon.
  2269 | D:7      | Found a shadowy altar of Dithmenos.
  2284 | D:7      | Found a transporter.
  2287 | D:7      | Noticed Niddhogr's ghost (novice FoVM)
  2306 | D:7      | Reached skill level 5 in Unarmed Combat
  2350 | D:7      | Found a transporter.
  2552 | D:7      | Reached XP level 7. HP: 67/67 MP: 6/6
  2582 | D:7      | Got a scorched rapier
  2591 | D:7      | Identified the cursed +3 rapier of the Endless Expanse
                  | {vorpal, *Contam *Noise rF+++ Dex+5} (You found it on level
                  | 7 of the Dungeon)
  2652 | D:7      | Gained mutation: Your spells are a little easier to cast,
                  | but a little less powerful. [mutagenic glow]
  2663 | D:7      | Found a sparkling altar of Nemelex Xobeh.
  2828 | D:6      | Noticed Duvessa
  2828 | D:6      | Noticed Dowan
  2842 | D:6      | Killed Duvessa
  2851 | D:6      | Killed Dowan
  2940 | D:6      | Learned a level 3 spell: Tukima's Dance
  3125 | D:6      | Reached skill level 6 in Unarmed Combat
  3125 | D:6      | Reached skill level 1 in Hexes
  3177 | D:6      | Reached skill level 5 in Dodging
  3220 | D:6      | Reached XP level 8. HP: 58/75 MP: 7/7
  3518 | D:6      | Found a basalt altar of Yredelemnul.
  3587 | D:6      | Found a hide-covered altar of Uskayaw.
  3832 | D:6      | Found a stormy altar of Qazlal.
  3832 | D:6      | Found an opulent altar of Gozag.
  3876 | D:5      | Entered Level 5 of the Dungeon
  3896 | D:5      | Reached skill level 7 in Unarmed Combat
  4058 | D:5      | Found a snail-covered altar of Cheibriados.
  4074 | D:5      | Became a worshipper of Cheibriados the Contemplative
  4074 | D:5      | Reached * piety under Cheibriados
  4074 | D:5      | Reached ** piety under Cheibriados
  4377 | D:5      | Reached XP level 9. HP: 83/83 MP: 8/8
  4728 | D:5      | Found a staircase to the Ecumenical Temple.
  4737 | Temple   | Entered the Ecumenical Temple
  5116 | D:4      | Reached *** piety under Cheibriados
  5762 | D:8      | Reached skill level 8 in Unarmed Combat
  5792 | D:8      | Identified a scroll of acquirement
  5792 | D:8      | Acquired a manual of Hexes
  5936 | D:8      | Found a runed translucent gate.
  5936 | D:8      | Found a runed translucent gate.
  5936 | D:8      | Found a runed translucent gate.
  5937 | D:8      | Found an opulent altar of Gozag.
  5937 | D:8      | Noticed kuniqs's ghost (novice HaHu)
  6004 | D:8      | Found an ornate altar of the Wu Jian Council.
  6005 | D:8      | Found a glowing silver altar of Zin.
  6006 | D:8      | Found a shimmering altar of Xom.
  6053 | D:8      | Noticed Prince Ribbit
  6116 | D:8      | Noticed a two-headed ogre
  6125 | D:8      | Killed a two-headed ogre
  6125 | D:8      | Reached **** piety under Cheibriados
  6125 | D:8      | Reached skill level 5 in Hexes
  6162 | D:8      | Reached XP level 10. HP: 58/91 MP: 9/9
  6247 | D:8      | Reached skill level 9 in Unarmed Combat
  6317 | D:8      | Killed Prince Ribbit
  6331 | D:8      | Found an ancient bone altar of Kikubaaqudgha.
  6459 | D:8      | Found Uschiuli's Jewellery Boutique.
  6692 | D:8      | Killed kuniqs's ghost
  6947 | D:7      | HP: 3/91 [Niddhogr's ghost (8)]
  6950 | D:7      | Killed Niddhogr's ghost
  7244 | D:9      | Got a transparent robe
  7257 | D:9      | Identified the +0 robe of Honesty {Regen+ Dex+4} (You found
                  | it on level 9 of the Dungeon)
  7265 | D:9      | Reached ***** piety under Cheibriados
  7345 | D:9      | Found a shimmering blue altar of Sif Muna.
  7362 | D:9      | Found a staircase to the Lair.
  7420 | D:9      | Reached skill level 10 in Unarmed Combat
  7724 | D:9      | Reached XP level 11. HP: 89/100 MP: 10/10
  8308 | Lair:1   | Entered Level 1 of the Lair of Beasts
  8339 | D:10     | Entered Level 10 of the Dungeon
  8345 | D:10     | Learned a level 4 spell: Petrify
  8467 | D:10     | Found a staircase to the Orcish Mines.
  8476 | D:10     | Found a roughly hewn altar of Beogh.
  8797 | D:10     | Reached ****** piety under Cheibriados
  9074 | D:10     | Found a runed translucent door.
  9074 | D:10     | Noticed Megalobster's ghost (novice MiBe)
  9168 | D:10     | Killed Megalobster's ghost
  9168 | D:10     | Reached skill level 5 in Fighting
  9335 | Orc:1    | Entered Level 1 of the Orcish Mines
  9335 | Orc:1    | Found a roughly hewn altar of Beogh.
  9370 | D:11     | Noticed a white ugly thing
  9399 | D:10     | Killed a white ugly thing
  9515 | D:11     | Reached skill level 1 in Earth Magic
  9518 | D:11     | Noticed a sixfirhy
  9646 | D:11     | Reached skill level 11 in Unarmed Combat
  9782 | D:11     | Reached XP level 12. HP: 87/111 MP: 11/11
  9790 | D:11     | You fall into a shaft and drop 3 floors!
  9839 | D:14     | Found a sacrificial altar of Ru.
 10028 | D:14     | Noticed a tengu warrior
 10039 | D:14     | Killed a tengu warrior
 10399 | D:14     | Noticed a centaur warrior
 10400 | D:14     | Noticed a tengu warrior
 10417 | D:14     | Killed a tengu warrior
 10417 | D:14     | Reached skill level 10 in Dodging
 10490 | D:14     | Reached skill level 1 in Spellcasting
 10709 | D:13     | Noticed a catoblepas
 10725 | D:13     | Killed a catoblepas
 10725 | D:13     | Reached skill level 5 in Earth Magic
 10889 | D:13     | Found a frozen archway.
 10896 | D:13     | Noticed a two-headed ogre
 10901 | D:13     | Reached skill level 12 in Unarmed Combat
 10908 | D:13     | Killed a two-headed ogre
 11091 | D:13     | You fall into a shaft and drop 2 floors!
 11091 | D:15     | Entered Level 15 of the Dungeon
 11144 | D:15     | Mangled by a red ugly thing

Illustrated notes

Levels and vault maps discovered:
D:1:      saegor_arrival_simple_e, layout_rooms
D:2:      kennysheep_big_flooded_room, layout_basic, bloody_makhleb,
          okawaru_metal_pillars_1_2
D:3:      minmay_door_path, layout_basic, serial_bayou_lagoon_b, uniq_robin
D:4:      layout_loops_ring, minmay_door_square, chequers_serial_rivers_marsh,
          minivault_14, minmay_misc_feat_alley
D:5:      layout_loops_corners, slow_altar_1, temple_hall
D:6:      layout_loops_corners, yredelemnul_altar_generic,
          gammafunk_temple_overflow_statue, basic_altar,
          corexii_leaking_fountain, uniq_duvessa
D:7:      layout_basic, grunt_temple_overflow_open, kennysheep_mini_moat,
          gammafunk_ghost_stat_death, minmay_shop_grid_forest
D:8:      layout_rooms, kiku_gazebo_pond_becter, gammafunk_temple_overflow_claw,
          ebering_ghost_gozag, enter_bailey_2, serial_shops, shop,
          uniq_prince_ribbit1
D:9:      layout_small_grid, led_sif_book, erik_lair_orcish_takeover,
          kb_lookout_dungeons_type, serial_park_tiny_1
D:10:     layout_gridville, minmay_orc_entry_temple_small, gammafunk_ghost_grave
D:11:     layout_cave_pools, serial_shops, nicolae_shop_window_shopping,
          chequers_big_river, uniq_erica
D:13:     layout_basic, grunt_vaults_entry_fortified, portal_ice_cave_entry_imps
D:14:     layout_big_octagon, nicolae_ru_the_path_less_chosen,
          gauntlet_entry_generic, drop_trap, grunt_decor_resistance,
          grunt_tough_drop
D:15:     grunt_enter_depths_magical_seal, layout_loops_ring,
          minmay_misc_feat_roman
Temple:   grunt_temple_mini_profane
Lair:1:   layout_roguey, gammafunk_ghost_hydra_chop, serial_bayou_shore_a
Orc:1:    layout_diamond_mine, basic_altar, serial_shops, shop, mines2_david

Skill      XL: |  1  2  3  4  5  6  7  8  9 10 11 12 |
---------------+-------------------------------------+-----
Fighting       | 3 4 5 |  5.2
Dodging        | 3 4 5 6 7 8 9 10 | 10.4
Unarmed Combat | 4 5 6 7 8 10 11 12 | 12.1
Throwing       | 1 2 3 |  3.1
Hexes          | 1 3 5 7 9 |  9.5
Earth Magic    | 2 5 |  5.5
Spellcasting   | 2 |  2.2
Stealth        | |  1.0

Action                   |  1- 3 |  4- 6 |  7- 9 | 10-12 || total
-------------------------+-------+-------+-------+-------++-------
Melee: Unarmed           |   104 |   133 |   348 |   623 ||  1208
       Punch             |     1 |     5 |    18 |    55 ||    79
 Cast: Tukima's Dance    |       |       |       |     9 ||     9
Evoke: Wand              |       |       |     2 |    16 ||    18
  Use: Scroll            |       |     4 |    19 |    13 ||    36
       Potion            |       |       |     2 |     6 ||     8
 Stab: Sleeping          |     3 |     1 |     5 |    11 ||    20
       Distracted        |       |       |     1 |     1 ||     2
       Paralysed         |       |       |       |     3 ||     3
Armor: Robe              |    30 |    42 |    53 |   115 ||   240
Dodge: Dodged            |    47 |    67 |   253 |   977 ||  1344
       Repelled          |       |     1 |     5 |    41 ||    47

Table legend:
 A = Non-vault XP
 B = Vault XP
 C = Vault XP percentage of total XP
 D = Non-vault monster count
 E = Vault monster count
 F = Vault count percentage of total count
                 A         B        C        D         E       F
            +---------+---------+-------+---------+---------+-------
      Total |   31028 |    5977 |  16.2 |     365 |      61 |  14.3
            +---------+---------+-------+---------+---------+-------
        D:1 |      32 |       0 |   0.0 |      20 |       0 |   0.0
        D:2 |      27 |      20 |  42.6 |      14 |       2 |  12.5
        D:3 |     105 |      35 |  25.0 |      22 |      13 |  37.1
        D:4 |     485 |       0 |   0.0 |      18 |       0 |   0.0
        D:5 |     762 |      36 |   4.5 |      28 |       1 |   3.4
        D:6 |    1121 |     228 |  16.9 |      37 |       2 |   5.1
        D:7 |     381 |     867 |  69.5 |      13 |       5 |  27.8
        D:8 |    2998 |    1364 |  31.3 |      38 |       5 |  11.6
        D:9 |    3525 |     852 |  19.5 |      38 |      12 |  24.0
       D:10 |    2892 |     990 |  25.5 |      29 |       7 |  19.4
       D:11 |    5284 |       0 |   0.0 |      54 |       0 |   0.0
       D:13 |    4817 |     125 |   2.5 |      20 |      12 |  37.5
       D:14 |    6694 |    1460 |  17.9 |      29 |       2 |   6.5
       D:15 |    1905 |       0 |   0.0 |       5 |       0 |   0.0
            +---------+---------+-------+---------+---------+-------
